 Dungeon Crawl Stone Soup version 0.25.1-2-g60ff931df9 (webtiles) character file.

Game seed: 10867215553917917853

2239 Delamore the Basher (level 9, 0/54 HPs)
             Began as a Gargoyle Fighter on Oct 23, 2020.
             Was a Believer of Okawaru.
             Slain by a wyvern (8 damage)
             ... on level 7 of the Dungeon.
             The game lasted 00:05:45 (6039 turns).

Delamore the Basher (Gargoyle Fighter)              Turns: 6039, Time: 00:05:46

Health: 0/54       AC: 15    Str: 23    XL:     9   Next: 36%
Magic:  9/9        EV:  7    Int:  9    God:    Okawaru [**....]
Gold:   461        SH: 10    Dex:  9    Spells: 8/8 levels left

rFire    . . .     SeeInvis .   e - +2 whip (vamp)
rCold    . . .     Gourm    .   c - +0 kite shield
rNeg     + . .     Faith    .   b - +0 scale mail
rPois    ∞         Spirit   .   (no helmet)
rElec    +         Reflect  .   i - +0 cloak
rCorr    .         Harm     .   (no gloves)
MR       .....                  n - +0 pair of boots
Stlth    +.........             (no amulet)
HPRegen  0.18/turn              m - ring of stealth
MPRegen  0.11/turn              (no ring)

@: no status effects
A: negative energy resistance 1, electricity resistance, unbreathing,
petrification resistance, rot immunity, AC +6
a: Heroism, Renounce Religion


You were on level 7 of the Dungeon.
You worshipped Okawaru.
Okawaru was pleased with you.
You were hungry.

You visited 2 branches of the dungeon, and saw 8 of its levels.

You collected 461 gold pieces.

Inventory:

Hand Weapons
 a - a +0 flail
 e - a +2 vampiric whip (weapon)
Armour
 b - a +0 scale mail (worn)
 c - a +0 kite shield (worn)
 i - a +0 cloak (worn)
 n - a +0 pair of boots (worn)
Jewellery
 m - a ring of stealth (left hand)
Wands
 h - a wand of digging (10)
 s - a wand of iceblast (10)
 F - a wand of polymorph (11)
Scrolls
 g - a scroll of fear {unknown}
 j - a scroll of enchant armour
 o - 4 scrolls of blinking
 p - 2 scrolls of enchant weapon
 u - a scroll of random uselessness
 v - 3 scrolls of teleportation
 y - a scroll of magic mapping {unknown}
 C - a scroll of remove curse {unknown}
 E - a scroll of identify
Potions
 d - 2 potions of stabbing {unknown}
 k - 4 potions of curing
 l - 3 potions of cancellation {unknown}
 q - 2 potions of berserk rage
 r - 3 potions of flight {unknown}
 t - a potion of lignification {unknown}
 w - 2 potions of haste {unknown}
 x - 5 potions of heal wounds
 z - a potion of degeneration {unknown}
 A - 2 potions of mutation {unknown}
 B - a potion of brilliance {unknown}
Comestibles
 f - 9 rations
 D - 4 chunks of flesh


   Skills:
 - Level 5.0 Fighting
 + Level 11.2 Maces & Flails
 - Level 3.2 Armour
 - Level 5.0 Shields


You had 8 spell levels left.
You didn't know any spells.
Your spell library was empty.

Dungeon Overview and Level Annotations

Branches:
Dungeon (7/15)             Temple (1/1) D:4

Altars:
Ashenzari
Dithmenos
Fedhas
Gozag
Kikubaaqudgha
Makhleb
Nemelex Xobeh
Okawaru
Qazlal
Ru
Sif Muna
Trog
Uskayaw
Vehumet
Wu Jian
Xom
The Shining One

Shops:
D:6 =

Annotations:
D:7 Joseph


Innate Abilities, Weirdness & Mutations

You are resistant to torment.
Your stone body is resilient. (AC +6)
You are immune to poison.
You resist negative energy. (rN+)
You are resistant to electric shocks. (rElec)
You can survive without breathing.
You are immune to petrification.
You are immune to rotting.


Message History

Joseph is severely wounded.
Joseph hits you but does no damage. You block the wyvern's attack.
You hit Joseph.
Joseph is severely wounded.
You hit Joseph but do no damage.
Joseph is severely wounded.
The wyvern barely misses you.
Joseph hits you with a +1 quarterstaff of speed!
* * * LOW HITPOINT WARNING * * *
Your shield and scale mail prevent you from hitting Joseph.
Joseph is severely wounded.
The wyvern barely misses you.
Joseph drinks a potion.
Joseph is healed!
The wyvern bites you.
* * * LOW HITPOINT WARNING * * *
Joseph hits you but does no damage. You block the wyvern's attack.
You block the wyvern's attack.
The wyvern bites you but does no damage.
The wyvern bites you!
You die...

......................##.#.####
................#.##..#.......#
............................#.#
......####((###.#.###.#.#...#.#
.........(......#..............
........##..###.####..#.#...#.#
......#.##............#.#....).
......#.##..########..#.#......
##.........@.l@.......#.##..###
#.####.##...###..##.##.##.....
# #.##...# .#.........(.[
#.##..## #..##.##..... ..##..#
#.. # #..... ....... .......
.......## ......# ###.....
....... ...#..#


You could see Joseph and a wyvern.

Vanquished Creatures
  Grinder (D:3)
  Sigmund (D:3)
  2 hungry ghosts
  Edmund (D:5)
  Duvessa (D:5)
  A phantom (D:6)
  A necrophage (D:6)
  A sky beast (D:5)
  2 bullfrogs (D:6)
  A big kobold (D:6)
  A gnoll sergeant (D:6)
  Dowan (D:6)
  A scorpion (D:5)
  A howler monkey (D:4)
  A jelly (D:5)
  3 crimson imps
  A quasit (D:6)
  A hound (D:6)
  A centaur skeleton (D:4)
  2 orc priests
  A bullfrog skeleton (D:7)
  2 orc wizards
  5 worker ants
  A hound skeleton (D:6)
  A worker ant zombie (D:6)
  3 adders
  8 gnolls
  A shadow imp (D:5)
  An adder zombie (D:5)
  5 worms
  4 dart slugs
  3 leopard geckos
  9 orcs
  A ball python (D:1)
  3 giant cockroaches
  6 hobgoblins
  8 jackals
  11 kobolds
  4 quokkas
  8 bats
  4 frilled lizards
  9 goblins
  2 quokka skeletons
  6 rats
131 creatures vanquished.

Notes
Turn   | Place    | Note
-------+----------+-------------------------------------------
     0 | D:1      | Delamore the Gargoyle Fighter began the quest for the Orb.
     0 | D:1      | Reached XP level 1. HP: 14/14 MP: 1/1
   221 | D:1      | Reached XP level 2. HP: 19/19 MP: 2/2
   706 | D:2      | Reached XP level 3. HP: 24/24 MP: 3/3
  1138 | D:2      | Reached XP level 4. HP: 23/29 MP: 4/4
  1398 | D:2      | Reached skill level 3 in Maces & Flails
  1547 | D:3      | Reached XP level 5. HP: 34/34 MP: 5/5
  1766 | D:3      | Found a bloodstained altar of Trog.
  1968 | D:3      | Noticed Grinder
  1970 | D:3      | Found a shadowy altar of Dithmenos.
  2005 | D:3      | Killed Grinder
  2005 | D:3      | Reached skill level 5 in Fighting
  2005 | D:3      | Reached skill level 5 in Maces & Flails
  2005 | D:3      | Reached skill level 5 in Shields
  2005 | D:3      | Reached XP level 6. HP: 6/40 MP: 6/6
  2296 | D:3      | Noticed Sigmund
  2308 | D:3      | Killed Sigmund
  2308 | D:3      | Reached skill level 6 in Maces & Flails
  2308 | D:3      | Reached XP level 7. HP: 44/44 MP: 7/7
  2724 | D:4      | Found a staircase to the Ecumenical Temple.
  2739 | Temple   | Entered the Ecumenical Temple
  2894 | Temple   | Became a worshipper of Warmaster Okawaru
  3569 | D:5      | Entered Level 5 of the Dungeon
  3648 | D:5      | Reached skill level 7 in Maces & Flails
  3811 | D:5      | Noticed Edmund
  3845 | D:5      | Killed Edmund
  3845 | D:5      | Reached XP level 8. HP: 49/49 MP: 8/8
  3944 | D:5      | Noticed Duvessa
  3951 | D:5      | Noticed Dowan
  3968 | D:5      | Killed Duvessa
  3968 | D:5      | Reached * piety under Okawaru
  3968 | D:5      | Reached skill level 8 in Maces & Flails
  3990 | D:6      | Killed Dowan
  4213 | D:5      | Found a stormy altar of Qazlal.
  4641 | D:6      | Reached skill level 9 in Maces & Flails
  4674 | D:6      | Found a shattered altar of Ashenzari.
  4674 | D:6      | Found a burning altar of Makhleb.
  4721 | D:6      | Found Jahiyti's Jewellery Emporium.
  4758 | D:6      | Reached ** piety under Okawaru
  4885 | D:6      | Reached skill level 10 in Maces & Flails
  5144 | D:6      | Reached XP level 9. HP: 54/54 MP: 9/9
  5840 | D:7      | Reached skill level 11 in Maces & Flails
  6002 | D:7      | Noticed Joseph
  6039 | D:7      | Slain by a wyvern

Illustrated notes

Levels and vault maps discovered:
D:1:      erik_arrival_orb_chamber, layout_loops_cross, palyth_stone_intersect
D:2:      layout_basic
D:3:      layout_loops_ring, nicolae_dithmenos_through_a_glass_darkly,
          old_standard_altar, first_ration, ebering_dispersal_statue_hall,
          columned_hall_lemuel, uniq_grinder, uniq_sigmund
D:4:      layout_cave_pods, minmay_temple_entry_large_hall, serial_glass,
          glass_columns_b, glass_columns_a, glass_columns_b, glass_columns_a,
          glass_columns_c, glass_columns_a, glass_columns_c, glass_columns_a
D:5:      layout_basic, kennysheep_mini, minmay_misc_feat_secret_circle,
          hangedman_decor_push, uniq_duvessa, uniq_edmund
D:6:      layout_basic, chequers_temple_overflow_statue_of_worship,
          serial_shops, shop
D:7:      layout_basic, minmay_manual_monolith, uniq_joseph
Temple:   regret_index_temple_generic_petals

Skill      XL: |  1  2  3  4  5  6  7  8  9 |
---------------+----------------------------+-----
Fighting       | 4 5 |  5.0
Shields        | 4 5 |  5.0
Maces & Flails | 3 5 6 7 10 11 | 11.2
Armour         | |  3.2

Action                   |  1- 3 |  4- 6 |  7- 9 || total
-------------------------+-------+-------+-------++-------
Melee: Whip              |   138 |   122 |   593 ||   853
       Flail             |     6 |       |       ||     6
  Use: Potion            |       |     1 |       ||     1
       Scroll            |       |       |     7 ||     7
  Eat: Chunk             |     1 |     3 |    12 ||    16
       Ration            |       |       |     2 ||     2
Armor: Scale mail        |    66 |    44 |   289 ||   399
Dodge: Dodged            |    37 |    37 |   150 ||   224
Block: Kite shield       |    68 |    40 |   271 ||   379
